 Dungeon Crawl Stone Soup version 0.21.1-1-g345015f (webtiles) character file.

948 Falco the Covert (level 7, -8/35 HPs)
             Began as a Spriggan Assassin on May 19, 2018.
             Shot with an arrow by a centaur (10 damage)
             ... on level 5 of the Dungeon.
             The game lasted 00:28:47 (4886 turns).

Falco the Covert (Spriggan Assassin)                Turns: 4886, Time: 00:28:47

Health: -8/35      AC:  3    Str:  9    XL:     7   Next: 89%
Magic:  0/8        EV: 21    Int: 13    God:
Gold:   293        SH:  0    Dex: 17    Spells: 6/6 levels left

rFire    + . .     SeeInvis +   b - +0 blowgun
rCold    . . .     Gourm    .   (shield restricted)
rNeg     . . .     Faith    .   c - +0 robe
rPois    .         Spirit   +   (helmet restricted)
rElec    .         Reflect  .   v - +0 cloak (curse)
rCorr    .         Harm     .   (gloves unavailable)
MR       ++...                  (boots unavailable)
Stlth    ++++......             i - amulet of guardian spirit
HPRegen  0.11/turn              w - ring of protection from magic
MPRegen  0.11/turn              x - ring of protection from fire

@: hasted, very quick
A: very small, unfitting armour, see invisible, herbivore, speed 3, slow
metabolism 2
a: no special abilities


You were on level 5 of the Dungeon.
You were not hungry.

You visited 1 branch of the dungeon, and saw 5 of its levels.

You collected 293 gold pieces.

Inventory:

Hand Weapons
 a - a +1 dagger of venom
 b - a +0 blowgun (weapon)
 y - a +2 dagger
 C - a +1 falchion of holy wrath
 D - a +0 hunting sling
Missiles
 e - 5 poisoned needles (quivered)
 f - 2 curare-tipped needles
 B - 8 javelins
Armour
 c - a +0 robe (worn)
 d - a +0 cloak
 m - a +0 robe
 o - a scarf of spirit shield
 v - a cursed +0 cloak (worn)
Jewellery
 h - an uncursed amulet of the gourmand
 i - an amulet of guardian spirit (around neck)
 w - a ring of protection from magic (left hand)
 x - a ring of protection from fire (right hand)
Wands
 E - a wand of flame (13)
 G - a wand of paralysis (16)
Scrolls
 l - 3 scrolls of fear
 p - 3 scrolls of amnesia
 r - 3 scrolls of teleportation {unknown}
 t - 2 scrolls of enchant armour {unknown}
 F - a scroll of brand weapon {unknown}
 H - a scroll of random uselessness {unknown}
 I - a scroll of identify
Potions
 j - a potion of might
 k - 2 potions of haste
 n - 2 potions of agility
 q - a potion of brilliance {unknown}
 s - 2 potions of flight
 u - 2 potions of curing {unknown}
 z - 2 potions of degeneration {unknown}
 A - a potion of lignification {unknown}
Comestibles
 g - 8 rations


   Skills:
 + Level 2.8 Fighting
 + Level 5.2 Short Blades
 + Level 4.4 Throwing
 + Level 5.5 Dodging
 + Level 9.3 Stealth
 + Level 0.6 Evocations


You had 6 spell levels left.
You didn't know any spells.

Dungeon Overview and Level Annotations

Branches:
Dungeon (5/15)
 Temple: D:4-7

Altars:
Nemelex Xobeh
The Shining One


Innate Abilities, Weirdness & Mutations

You are very small and have problems with some larger weapons.
You are too small for most types of armour.
You have supernaturally acute eyesight. (SInv)
You are a herbivore.
You cover ground extremely quickly.
You need consume almost no food.


Message History

You shoot a poisoned needle.
The poisoned needle barely misses the centaur.
Firing (i - inventory. (,) - cycle):
e - 7 poisoned needles (quivered)
Press: ? - help, Shift-Dir - straight line, f/p - centaur
Aim: a centaur, wielding a shortbow (moderately wounded, poisoned)
You shoot a poisoned needle. The poisoned needle hits the centaur!
The centaur looks even sicker.
The centaur is moderately wounded.
The centaur shoots an arrow.
The arrow closely misses you.
Firing (i - inventory. (,) - cycle):
e - 6 poisoned needles (quivered)
Press: ? - help, Shift-Dir - straight line, f/p - centaur
Aim: a centaur, wielding a shortbow (moderately wounded, poisoned)
You shoot a poisoned needle. The poisoned needle hits the centaur!
The centaur looks as sick as possible!
The centaur is moderately wounded.
The centaur shoots an arrow.
The arrow closely misses you.
You feel yourself speed up.
The centaur shoots an arrow.
The arrow hits you!
* * * LOW HITPOINT WARNING * * *
The centaur shoots an arrow.
The arrow hits you!
You die...

#........##.#......#.....
####........(......#.....
########........#.....
.....................
.#.....Zc#...........
#.#####.#........... #
#.#...........
#.#...........
#@#...........
+.#...........
#.##...####... #(.....#
... #......###########
.......#..........#
...#...#.........(#
...#...#..........# ..
#...#..........#


You could see a centaur and an adder zombie.

Vanquished Creatures
  A hippogriff (D:5)
  An ogre (D:4)
  Blork the orc (D:4)
  A scorpion (D:4)
  A crimson imp (D:4)
  2 orc wizards (D:4)
  2 orc priests
  2 hounds (D:4)
  A centaur skeleton (D:4)
  2 worker ants (D:4)
  Terence (D:2)
  Robin (D:3)
  4 gnolls
  8 adders
  A howler monkey skeleton (D:4)
  A shadow imp (D:4)
  An ooze (D:5)
  An adder zombie (D:5)
  2 worms
  A dart slug (D:4)
  14 orcs
  2 ball pythons
  6 giant cockroaches
  14 goblins
  5 hobgoblins
  17 jackals
  3 quokkas
  8 bats
  4 frilled lizards
  A goblin skeleton (D:4)
  A goblin zombie (D:4)
  4 hobgoblin zombies (D:4)
  4 kobolds
  A kobold zombie (D:4)
  2 orc skeletons (D:4)
  4 rats
125 creatures vanquished.

Notes
Turn   | Place    | Note
-------+----------+-------------------------------------------
     0 | D:1      | Falco the Spriggan Assassin began the quest for the Orb.
     0 | D:1      | Reached XP level 1. HP: 10/10 MP: 2/2
   109 | D:1      | Reached skill level 6 in Stealth
   168 | D:1      | Reached XP level 2. HP: 8/14 MP: 3/3
   799 | D:1      | Reached XP level 3. HP: 17/18 MP: 4/4
  1194 | D:2      | Reached skill level 7 in Stealth
  1233 | D:2      | Noticed Terence
  1237 | D:2      | Killed Terence
  1237 | D:2      | Reached XP level 4. HP: 23/23 MP: 5/5
  1302 | D:2      | Noticed an ogre
  1574 | D:2      | Found a sparkling altar of Nemelex Xobeh.
  1950 | D:3      | Noticed Robin
  2135 | D:3      | Reached XP level 5. HP: 26/26 MP: 6/6
  2249 | D:3      | Killed Robin
  2698 | D:4      | Reached XP level 6. HP: 30/30 MP: 7/7
  3150 | D:4      | Reached skill level 8 in Stealth
  3664 | D:4      | Reached XP level 7. HP: 35/35 MP: 8/8
  3667 | D:4      | Found a transporter.
  3669 | D:4      | Found a transporter.
  3706 | D:4      | Found a glowing golden altar of the Shining One.
  3928 | D:4      | Noticed Blork the orc
  3931 | D:4      | Killed Blork the orc
  3931 | D:4      | Reached skill level 5 in Dodging
  3946 | D:4      | Reached skill level 5 in Short Blades
  4643 | D:5      | Entered Level 5 of the Dungeon
  4718 | D:5      | Reached skill level 9 in Stealth
  4816 | D:5      | Noticed a hippogriff
  4867 | D:5      | Killed a hippogriff
  4886 | D:5      | Shot with an arrow by a centaur

Skill      XL: |  1  2  3  4  5  6  7 |
---------------+----------------------+-----
Stealth        | 6 7 8 9 |  9.3
Dodging        | 2 3 4 5 |  5.5
Short Blades   | 3 4 5 |  5.2
Fighting       | 2 |  2.8
Throwing       | 3 4 |  4.4
Evocations     | |  0.6

Action                   |  1- 3 |  4- 6 |  7- 9 || total
-------------------------+-------+-------+-------++-------
Melee: Dagger            |    75 |   220 |   142 ||   437
 Fire: Blowgun           |    14 |    61 |    18 ||    93
Evoke: Wand              |       |       |     5 ||     5
  Use: Scroll            |     4 |     4 |       ||     8
       Potion            |       |       |     1 ||     1
 Stab: Sleeping          |     5 |    11 |     7 ||    23
       Distracted        |       |     1 |     1 ||     2
  Eat: Ration            |       |     1 |       ||     1
Armor: Robe              |    16 |    27 |     7 ||    50
Dodge: Dodged            |    74 |   149 |    96 ||   319
